Map: [ESL] Inside and Out

Players

Gerald - Winner!

  • Race: Protoss Protoss
  • Spawn Location: 7:00

ShoWTimE

  • Race: Protoss Protoss
  • Spawn Location: 1:00

Event: DreamHack SC2 Masters 2022 Atlanta (Online)

VOD

Have the link to the VOD?

Description

Time

  • Played on: Oct. 6, 2022, 2:39 p.m.
  • Length: 4:24

All games in this series

Show
View Real Time Build Order
Export as new Build Order

Gerald Protoss - Winner!

Build Orders:  

Get SALT Encoding   

  12  0:00  Probe  
  13  0:12  Probe  
  14  0:18  Pylon  
  14  0:24  Probe (Chrono Boost)  
  15  0:37  Gateway  
  15  0:38  Probe (Chrono Boost)  
  16  0:42  Probe (Chrono Boost)  
  16  0:46  Assimilator  
  17  0:52  Probe (Chrono Boost)  
  18  1:00  Gateway  
  18  1:05  Probe (Chrono Boost)  
  18  1:08  Assimilator  
  19  1:13  Probe (Chrono Boost)  
  20  1:19  Probe  
  20  1:25  Cybernetics Core  
  21  1:31  Probe  
  22  1:38  Pylon  
  22  1:43  Probe  
  23  1:47  Pylon  
  23  1:56  Probe  
  24  2:04  Pylon  
  24  2:05  Stalker  
  24  2:07  Warp Gate (Chrono Boost)  
  24  2:08  Probe  
  27  2:10  Stalker  
  29  2:20  Pylon  
  29  2:21  Pylon  
  29  2:41  Gateway  
  29  2:42  Stalker  
  33  2:46  Gateway  
  30  2:54  Stalker  
  32  3:02  Shield Battery  
  32  3:22  Pylon  
  32  3:41  Stalker x4  
  32  3:46  Pylon  
  38  4:04  Stalker  
  38  4:05  Stalker  
Show
View Real Time Build Order
Export as new Build Order

ShoWTimE Protoss 

Build Orders: Oracle Opening 

Get SALT Encoding   

  12  0:00  Probe  
  13  0:12  Probe  
  14  0:18  Pylon  
  14  0:24  Probe (Chrono Boost)  
  15  0:36  Probe (Chrono Boost)  
  15  0:37  Gateway  
  16  0:45  Probe (Chrono Boost)  
  16  0:46  Assimilator  
  17  0:51  Probe  
  18  1:03  Probe (Chrono Boost)  
  19  1:06  Assimilator  
  19  1:08  Pylon  
  19  1:15  Probe (Chrono Boost)  
  20  1:20  Probe (Chrono Boost)  
  20  1:24  Cybernetics Core  
  21  1:29  Probe  
  21  1:30  Zealot  
  24  1:41  Probe  
  25  1:53  Probe  
  26  1:54  Pylon  
  26  2:00  Adept (Chrono Boost)  
  28  2:07  Stargate  
  28  2:09  Probe  
  28  2:15  Warp Gate  
  29  2:21  Probe  
  29  2:22  Stalker (Chrono Boost)  
  30  2:27  Pylon  
  32  2:34  Probe  
  33  2:52  Oracle  
  33  2:58  Nexus  
  36  3:04  Shield Battery  
  36  3:10  Pylon  
  36  3:12  Probe  
  37  3:21  Twilight Council  
  37  3:24  Probe  
  38  3:36  Gateway  
  36  3:53  Shield Battery  
  40  4:02  Sentry  
  40  4:06  Pylon  
  40  4:09  Probe, Pylon  
Tags
 
Add a new tag
Caveats
  • Supply blocks, unpowered buildings, or Contaminate may cause inaccurate times.
  • Supply counts are checked every 10 seconds.